 Dungeon Crawl Stone Soup version 0.30-a0-920-g7493c07aab (webtiles) character file.

Game seed: 548753154583606528

5058 senseless the Covert (level 10, -3/80 (82) HPs)
             Began as a Formicid Hunter on Mar 21, 2023.
             Was an Elder of Cheibriados.
             Slain by an orc warrior
             ... wielding a +0 halberd
              (5 damage)
             ... on level 8 of the Dungeon.
             The game lasted 00:19:12 (6236 turns).

senseless the Covert (Formicid Hunter)              Turns: 6236, Time: 00:19:13

HP:   -3/80 (82)    AC:  8    Str: 25    XL:     10   Next: 86%
MP:   10/10         EV: 19    Int: 18    God:    Cheibriados [****..]
Gold: 408           SH:  0    Dex: 30    Spells: 8/9 levels left

rFire   . . .      SeeInvis +    a - +0 longbow
rCold   . . .      Faith    .    (no shield)
rNeg    . . .      Spirit   .    c - +0 leather armour
rPois   .          Reflect  .    (helmet unavailable)
rElec   .          Rampage  .    i - scarf {shadows}
rCorr   .                        C - +2 pair of gloves
Will    +....                    j - +1 pair of boots
Stlth   +++++                    w - amulet of regeneration
HPRegen 1.13/turn                (no ring)
MPRegen 0.12/turn                (no ring)

@: lightly drained, very slow
A: permanent stasis, dig shafts and tunnels, antennae 3, four strong arms
a: Dig, Shaft Self, Renounce Religion, Bend Time, Temporal Distortion, Slouch


You were on level 8 of the Dungeon.
You worshipped Cheibriados.
Cheibriados was greatly pleased with you.
You visited 1 branch of the dungeon, and saw 9 of its levels.

You collected 408 gold pieces.

Inventory:

Hand Weapons
 a - a +0 longbow (weapon)
 b - the +7 hand axe of the Scroll {heavy, rPois rF+ rN+}
   (You found it on level 2 of the Dungeon)

   rF:        It protects you from fire.
   rPois:     It protects you from poison.
   rN:        It protects you from negative energy.
 p - the +11 dagger of Plog {vamp, rC- rCorr Int-4 Dex+6}
   (You found it on level 2 of the Dungeon)

   Int:       It affects your intelligence (-4).
   Dex:       It affects your dexterity (+6).
   rC:        It makes you vulnerable to cold.
   rCorr:     It protects you from acid and corrosion.
 u - a +0 heavy war axe
 A - a +2 shortbow
Missiles
 f - 9 curare-tipped darts
Armour
 c - a +0 leather armour (worn)
 d - the +2 robe of Hann {rElec Str+3 Int-5}
   (You found it on level 2 of the Dungeon)

   Str:       It affects your strength (+3).
   Int:       It affects your intelligence (-5).
   rElec:     It insulates you from electricity.
 i - a scarf of shadows (worn)
 j - a +1 pair of boots (worn)
 l - a +0 pair of gloves
 n - a +0 chain mail
 C - a +2 pair of gloves (worn)
Jewellery
 w - an amulet of regeneration (around neck)
Wands
 s - a wand of digging (6)
 x - a wand of roots (13)
 B - a wand of flame (7)
Scrolls
 g - a scroll of immolation
 y - 2 scrolls of magic mapping
Potions
 e - a potion of magic
 h - a potion of haste
 k - a potion of cancellation
 m - a potion of ambrosia
 q - a potion of mutation {unknown}
 r - a potion of attraction {unknown}
 t - 2 potions of curing
 v - a potion of lignification {unknown}
 z - a potion of degeneration {unknown}


   Skills:
 + Level 8.7 Fighting
 + Level 8.7 Ranged Weapons
 + Level 7.2 Dodging
 + Level 10.0 Stealth


You had 8 spell levels left.
You knew the following spells:

 Your Spells              Type           Power      Damage    Failure   Level
a - Sting                 Tmut/Pois      0%         1d3       26%         1

Your spell library contained the following spells:

 Spells                   Type           Power      Damage    Failure   Level
 Lesser Beckoning         Tloc           0%         N/A       36%         2
 Momentum Strike          Conj/Tloc      0%         3d8       36%         2
 Kindle Blastsparks       Fire/Tloc/Air  0%         2d10      58%         3
 Mephitic Cloud           Conj/Pois/Air  0%         N/A       58%         3
 Fulminant Prism          Conj/Hex       0%         3d5       94%         4
 Iskenderun's Mystic Bla  Conj/Tloc      0%         2d3       94%         4
 Lee's Rapid Deconstruct  Erth           0%         3d4*      100%        5
 Blink                    Tloc           Unusable   N/A       N/A         2

Dungeon Overview and Level Annotations

Branches:
Dungeon (9/15)             Temple (0/1) D:4
   Lair: D:8-11         Orc: D:9-12

Altars:
Ashenzari
Cheibriados
Elyvilon
Hepliaklqana
Okawaru
Qazlal
Ru
Sif Muna
Trog
Uskayaw
Vehumet

Shops:
D:4 =

Annotations:
D:8 3 transporters


Innate Abilities, Weirdness & Mutations

You cannot be hasted, slowed, berserked, paralysed or teleported.
You can dig through walls and to a lower floor.
You have a pair of large antennae on your head. (SInv)
Your four strong arms can wield two-handed weapons with a shield.


Message History

Items here: ) [ ††.
The yak gores you!
* * * LOW HITPOINT WARNING * * *
You feel much better. The yak barely misses you.
The orc warrior closely misses you.
a - a +0 longbow (weapon)
You are too injured to fight recklessly!
You are too injured to fight recklessly!
Fire: a) +0 longbow
Press: ? - help, Q - select action, (/) - cycle Shift-Dir - straight line, f - yak
Aim: a yak (80% to hit)
You shoot an arrow. The arrow hits the yak!
The yak is heavily wounded.
The orc warrior closely misses you. The yak gores you!
The howler monkey hoots and howls with incredible vigour!
Fire: a) +0 longbow
Press: ? - help, Q - select action, (/) - cycle Shift-Dir - straight line, f/p - yak
Aim: a yak (heavily wounded, 80% to hit)
You shoot an arrow. The arrow hits the yak.
The yak is heavily wounded.
The orc warrior hits you from afar with a +0 halberd!!
* * * LOW HITPOINT WARNING * * *
The yak gores you but does no damage. The yak closely misses you.
The orc warrior closely misses you.
Fire: a) +0 longbow
Press: ? - help, Q - select action, (/) - cycle Shift-Dir - straight line, f/p - yak
Aim: a yak (heavily wounded, 80% to hit)
You shoot an arrow. The arrow hits the yak!
The yak is almost dead.
The yak gores you!
* * * LOW HITPOINT WARNING * * *
The orc warrior barely misses you.
Fire: a) +0 longbow
Press: ? - help, Q - select action, (/) - cycle Shift-Dir - straight line, f/p - yak
Aim: a yak (almost dead, 80% to hit)
You shoot an arrow. The arrow hits the yak!!
You kill the yak!
Cheibriados thoroughly appreciates the change of pace.
The orc warrior hits you from afar with a +0 halberd.
You die...

####©.....###
#.# #.###8....#
#.# .© #######
#.# #.# #.# #.#
... #.# .. #.#
.. #@# .###
######Y# ..#
#....o†# #.#
#.)))hY##
#.#####....[...#
#.....)#####.#.#
##...#o..###.#.#
#.........#.# #
#...#####...#


You could see 2 yaks, an orc warrior and a howler monkey.

Vanquished Creatures
  2 two-headed ogres (D:8)
  Joseph (D:8)
  An unseen horror (D:7)
  A troll (D:8)
  A ynoxinul (D:8)
  A shadow (D:6)
  A yak (D:8)
  Menkaure (D:5)
  2 water moccasins
  Duvessa (D:6)
  4 black bears
  2 sky beasts
  An ice beast (D:6)
  An ogre (D:6)
  A centaur (D:6)
  4 phantoms
  2 bullfrogs
  A scorpion (D:6)
  3 wights (D:8)
  Dowan (D:6)
  3 howler monkeys
  5 hounds
  3 jellies
  4 orc priests
  2 sleepcaps
  4 orc wizards
  3 iguanas
  8 adders
  A white imp (D:4)
  A dart slug (D:5)
  26 orcs
  8 ball pythons
  8 endoplasms
  2 giant cockroaches
  6 goblins
  8 hobgoblins
  A quokka (D:1)
  3 bats
  4 frilled lizards
  3 kobolds
  7 rats
142 creatures vanquished.

Vanquished Creatures (others)
  5 plants (D:5)
5 creatures vanquished.

Grand Total: 147 creatures vanquished

Notes
Turn   | Place    | Note
-------+----------+-------------------------------------------
     0 | D:1      | senseless the Formicid Hunter began the quest for the Orb.
     0 | D:1      | Reached XP level 1. HP: 16/16 MP: 1/1
    48 | D:1      | Reached XP level 2. HP: 23/23 MP: 2/2
   179 | D:1      | Reached skill level 2 in Stealth
   295 | D:1      | Reached XP level 3. HP: 28/28 MP: 3/3
   582 | D:2      | Identified the +2 robe of Hann {rElec Str+3 Int-5}
   626 | D:2      | Identified the +11 dagger of Plog {vamp, rC- rCorr Int-4
                  | Dex+6}
   855 | D:2      | Identified the +7 hand axe of the Scroll {heavy, rPois rF+
                  | rN+}
  1198 | D:3      | Found a snail-covered altar of Cheibriados.
  1206 | D:3      | Became a worshipper of Cheibriados the Contemplative
  1268 | D:3      | Reached XP level 4. HP: 32/34 MP: 4/4
  1836 | D:4      | Found Rempary's Jewellery Shoppe.
  2127 | D:4      | Reached * piety under Cheibriados
  2145 | D:4      | Reached XP level 5. HP: 41/41 MP: 5/5
  2157 | D:4      | Reached skill level 3 in Stealth
  2165 | D:4      | Noticed a phantom
  2173 | D:4      | Killed a phantom
  2174 | D:4      | Reached XP level 6. HP: 48/48 MP: 6/6
  2233 | D:4      | Noticed a sky beast
  2239 | D:4      | Killed a sky beast
  2240 | D:4      | Reached skill level 5 in Ranged Weapons
  2240 | D:4      | Reached skill level 4 in Stealth
  2382 | D:4      | Identified the +1 robe of the Evening Star {*Corrode rPois
                  | rF+++ Archmagi}
  2436 | D:4      | Found a staircase to the Ecumenical Temple.
  2486 | D:4      | Reached XP level 7. HP: 52/54 MP: 7/7
  2806 | D:5      | Entered Level 5 of the Dungeon
  2880 | D:5      | Noticed Menkaure
  2900 | D:5      | Killed Menkaure
  2974 | D:5      | Reached ** piety under Cheibriados
  2975 | D:5      | Reached skill level 5 in Stealth
  2996 | D:5      | Reached XP level 8. HP: 61/61 MP: 8/8
  3030 | D:5      | Found a radiant altar of Vehumet.
  3085 | D:5      | Found a white marble altar of Elyvilon.
  3092 | D:5      | Reached skill level 5 in Fighting
  3414 | D:5      | Found a faded altar of an unknown god.
  3415 | D:5      | Found a faded altar of an unknown god.
  3417 | D:5      | Found a hazy altar of Hepliaklqana.
  3807 | D:6      | Found a hide-covered altar of Uskayaw.
  3876 | D:6      | Reached skill level 6 in Stealth
  3882 | D:6      | Noticed Duvessa
  3885 | D:6      | Noticed Dowan
  3895 | D:6      | Killed Duvessa
  3897 | D:6      | Killed Dowan
  3994 | D:6      | Found an iron altar of Okawaru.
  4032 | D:6      | Reached skill level 5 in Dodging
  4032 | D:6      | Reached XP level 9. HP: 66/69 MP: 9/9
  4123 | D:6      | Reached skill level 7 in Stealth
  4235 | D:6      | Reached *** piety under Cheibriados
  5109 | D:7      | Found a broken altar of Ashenzari.
  5109 | D:7      | Found a stormy altar of Qazlal.
  5111 | D:7      | Found a sacrificial altar of Ru.
  5163 | D:7      | You fall into a shaft and drop 2 floors!
  5258 | D:8      | Noticed Joseph
  5274 | D:8      | Killed Joseph
  5275 | D:8      | Reached skill level 8 in Stealth
  5302 | D:8      | Found a transporter.
  5305 | D:8      | Found a transporter.
  5319 | D:8      | Found a transporter.
  5493 | D:7      | Noticed an unseen horror
  5500 | D:7      | Killed an unseen horror
  5501 | D:7      | Reached XP level 10. HP: 72/79 MP: 10/10
  5862 | D:8      | Noticed a two-headed ogre
  5870 | D:8      | Killed a two-headed ogre
  5870 | D:8      | Reached **** piety under Cheibriados
  5871 | D:8      | Reached skill level 9 in Stealth
  5963 | D:8      | Found a bloodstained altar of Trog.
  5976 | D:8      | Found a shimmering blue altar of Sif Muna.
  5980 | D:8      | Got Sif Muna's Anthology of Mutated Putridity
  5983 | D:8      | Learned a level 1 spell: Sting
  6039 | D:8      | Noticed a two-headed ogre
  6049 | D:8      | Killed a two-headed ogre
  6173 | D:8      | Reached skill level 10 in Stealth
  6230 | D:8      | HP: 1/80 [yak (12)]
  6235 | D:8      | HP: 1/80 [yak (10)]
  6236 | D:8      | Slain by an orc warrior

Illustrated notes

Levels and vault maps discovered:
D:1:      mrwooster_arrival_statue_3, layout_rooms, minmay_misc_feat_doors
D:2:      layout_basic
D:3:      layout_rooms, lemuel_crystal_altar
D:4:      layout_cave_pods, minmay_temple_entry_slanted, serial_shops, shop,
          roderic_serpentine_path, grunt_ministairs_1
D:5:      layout_loops_cross, nicolae_hepliaklqana_ecumenical_no_more,
          mainiacjoe_overflow_big_doors, minmay_misc_feat_ornament,
          uniq_menkaure
D:6:      layout_loops_corners, nicolae_uskayaw_murder_on_the_dancefloor,
          okawaru_gym_becter, uniq_duvessa
D:7:      layout_loops_ring, gammafunk_temple_overflow_claw
D:8:      layout_basic, nzn_overflow_gifts_of_might_and_magic,
          nicolae_transporter_circle, uniq_joseph
D:9:      layout_loops_cross, erik_lair_orcish_takeover, uniq_harold

Skill      XL: |  1  2  3  4  5  6  7  8  9 10 |
---------------+-------------------------------+-----
Dodging        | 2 3 4 5 6 7 |  7.2
Stealth        | 2 3 4 5 6 8 10 | 10.0
Fighting       | 3 4 6 7 8 |  8.7
Ranged Weapons | 5 6 7 8 |  8.7

Action                     |  1- 3 |  4- 6 |  7- 9 | 10-12 || total
---------------------------+-------+-------+-------+-------++-------
  Melee: Dagger            |       |     8 |    75 |       ||    83
         Punch             |       |       |     1 |       ||     1
         Hand axe          |       |       |       |    17 ||    17
   Fire: Shortbow          |    84 |    75 |   170 |       ||   329
         Longbow           |       |       |    18 |    64 ||    82
    Use: Scroll            |     4 |     5 |     8 |       ||    17
         Potion            |       |       |     1 |     1 ||     2
 Armour: Leather armour    |     6 |    13 |    36 |     7 ||    62
  Dodge: Dodged            |    17 |    32 |   139 |    91 ||   279

Table legend: (Time is in decaauts)
 A = Elapsed time spent in this place.
 B = Non-inter-level travel time spent in this place.
 C = Inter-level travel time spent in this place.
 D = Time resting spent in this place.
 E = Time spent auto-exploring this place.
 F = Levels seen in this place.
 G = Mean time per level.
                   A        B        C        D        E       F      G
               +--------+--------+--------+--------+--------+-----+--------+
         Total |   8375 |   7815 |    560 |    157 |   6363 |   9 |  930.6 |
       Dungeon |   8375 |   7815 |    560 |    157 |   6363 |   9 |  930.6 |
               +--------+--------+--------+--------+--------+-----+--------+

Top non-repeatable levels by time:
     D:6: 1717 daAuts
     D:4: 1479 daAuts
     D:5: 1329 daAuts
     D:7: 1093 daAuts
     D:3: 731 daAuts
     D:8: 659 daAuts
     D:2: 618 daAuts
     D:1: 588 daAuts
     D:9: 156 daAuts
